Map: 2000 Atmospheres LE

Players

Lilbow - Winner!

  • Race: Protoss Protoss

PtitDrogo

  • Race: Protoss Protoss

Event: DreamHack SC2 Masters 2021 Fall

VOD

Have the link to the VOD?

Description

Time

  • Played on: Aug. 1, 2021, 10:57 a.m.
  • Length: 10:25

All games in this series

Show
View Real Time Build Order
Export as new Build Order

Lilbow Protoss - Winner!

Build Orders:  

Get SALT Encoding   

  12  0:00  Probe  
  13  0:12  Probe  
  14  0:16  Pylon  
  14  0:24  Probe (Chrono Boost)  
  15  0:36  Gateway, Probe (Chrono Boost)  
  16  0:44  Probe (Chrono Boost)  
  16  0:46  Assimilator  
  17  0:50  Probe  
  18  1:03  Probe (Chrono Boost)  
  19  1:04  Assimilator  
  19  1:11  Gateway  
  20  1:12  Probe (Chrono Boost)  
  20  1:17  Probe (Chrono Boost)  
  20  1:23  Cybernetics Core  
  21  1:31  Pylon  
  21  1:33  Probe  
  22  1:45  Probe  
  23  1:59  Stalker x2  
  23  2:00  Warp Gate  
  27  2:05  Probe  
  28  2:15  Pylon  
  28  2:18  Probe  
  29  2:29  Stalker  
  31  2:33  Stalker  
  33  2:52  Nexus  
  33  3:02  Sentry  
  33  3:03  Sentry  
  33  3:04  Probe  
  38  3:10  Pylon  
  38  3:16  Probe  
  39  3:23  Twilight Council  
  39  3:30  Probe (Chrono Boost)  
  40  3:36  Forge  
  40  3:43  Probe (Chrono Boost)  
  41  3:48  Sentry  
  41  3:50  Stalker  
  41  3:51  Probe (Chrono Boost)  
  46  4:03  Probe  
  46  4:05  Probe  
  48  4:14  Stalker  
  48  4:15  Stalker  
  48  4:16  Probe (Chrono Boost)  
  53  4:18  Probe (Chrono Boost)  
  54  4:28  Blink (Chrono Boost)  
  54  4:29  Probe (Chrono Boost)  
  56  4:32  Probe (Chrono Boost)  
  56  4:36  Probe (Chrono Boost)  
  56  4:38  Probe (Chrono Boost)  
  57  4:43  Probe  
  59  4:46  Probe  
  58  4:55  Probe  
  58  4:58  Probe  
  58  5:03  Nexus  
  58  5:05  Assimilator  
  54  5:07  Probe  
  54  5:10  Probe  
  52  5:19  Probe  
  52  5:21  Protoss Ground Weapons Level 1  
  53  5:25  Gateway  
  53  5:26  Gateway, Robotics Facility  
  54  5:29  Pylon  
  54  5:31  Probe  
  54  5:32  Stalker x2  
  54  5:34  Probe  
  54  5:35  Phoenix  
  59  5:42  Gateway  
  59  5:43  Probe  
  59  5:46  Probe  
  59  5:49  Shield Battery  
  61  5:55  Sentry, Stalker, Probe  
  66  5:58  Probe  
  66  6:01  Pylon  
  69  6:15  Observer (Chrono Boost)  
  69  6:16  Shield Battery  
  68  6:18  Stalker x2  
  68  6:19  Zealot  
  68  6:20  Zealot  
  76  6:26  Shield Battery  
  76  6:28  Immortal (Chrono Boost)  
  76  6:33  Probe x2  
  74  6:40  Stalker x2  
  74  6:45  Probe  
  74  6:46  Probe x2  
  78  6:48  Zealot x3  
  81  6:57  Probe  
  81  6:58  Probe  
  83  7:01  Photon Cannon, Probe  
  83  7:04  Observer (Chrono Boost)  
  83  7:07  Pylon  
  81  7:09  Probe  
  81  7:11  Probe  
  81  7:12  Stalker x2  
  81  7:15  Probe  
  80  7:22  Probe (Chrono Boost)  
  75  7:23  Probe (Chrono Boost)  
  77  7:30  Probe (Chrono Boost)  
  77  7:34  Probe (Chrono Boost)  
  77  7:36  Probe (Chrono Boost)  
  75  7:42  Probe (Chrono Boost)  
  75  7:43  Probe x2 (Chrono Boost)  
  78  7:48  Probe  
  78  7:50  Probe (Chrono Boost)  
  78  7:51  Photon Cannon  
  80  7:52  Probe (Chrono Boost)  
  80  7:53  Charge (Chrono Boost)  
  81  8:00  Probe (Chrono Boost)  
  81  8:02  Probe (Chrono Boost)  
  81  8:04  Probe (Chrono Boost), Warp Prism  
  86  8:09  Probe (Chrono Boost)  
  86  8:10  Probe (Chrono Boost)  
  88  8:13  Gateway  
  88  8:14  Gateway  
  88  8:22  Zealot x2  
  92  8:29  Gateway  
  92  8:30  Gateway  
  92  8:34  Gateway  
  92  8:35  Pylon x2  
  92  8:38  Gateway  
  92  8:48  Gateway  
  92  8:52  Pylon  
  92  8:53  Pylon  
  92  8:56  Zealot x4  
  92  8:57  Zealot  
  102  9:03  Pylon  
  102  9:18  Zealot x7  
  116  9:27  Zealot x2  
  106  9:34  Zealot x2  
  90  9:38  Zealot x4  
  90  9:39  Zealot x3  
  92  9:46  Zealot  
  92  9:48  Zealot x2  
  92  9:59  Zealot x5  
  74  10:14  Zealot x3  
  74  10:15  Zealot x2  
  77  10:21  Zealot x2  
Show
View Real Time Build Order
Export as new Build Order

PtitDrogo Protoss 

Build Orders: Phoenix Opening 

Get SALT Encoding   

  12  0:00  Probe  
  13  0:12  Probe  
  14  0:17  Pylon  
  14  0:24  Probe  
  15  0:35  Gateway  
  15  0:36  Probe (Chrono Boost)  
  16  0:46  Assimilator, Probe (Chrono Boost)  
  17  0:51  Probe (Chrono Boost)  
  17  0:54  Assimilator  
  18  1:03  Probe (Chrono Boost)  
  19  1:07  Gateway  
  19  1:12  Probe (Chrono Boost)  
  19  1:17  Probe (Chrono Boost)  
  20  1:23  Cybernetics Core  
  21  1:29  Probe  
  22  1:35  Pylon  
  22  1:41  Probe  
  23  2:01  Sentry  
  23  2:02  Stalker  
  23  2:04  Warp Gate  
  23  2:05  Probe  
  28  2:09  Pylon  
  28  2:27  Stalker  
  30  2:36  Stalker x2  
  29  2:39  Nexus  
  29  2:41  Probe (Chrono Boost)  
  30  2:48  Pylon  
  31  2:52  Probe (Chrono Boost)  
  31  2:54  Sentry  
  31  2:57  Probe (Chrono Boost)  
  34  3:08  Probe  
  34  3:10  Shield Battery  
  35  3:19  Sentry  
  37  3:20  Probe (Chrono Boost)  
  37  3:25  Pylon  
  38  3:30  Probe (Chrono Boost)  
  39  3:45  Phoenix  
  39  3:46  Probe (Chrono Boost)  
  42  3:51  Probe (Chrono Boost)  
  43  3:55  Twilight Council  
  43  4:00  Probe x2 (Chrono Boost)  
  43  4:01  Stalker  
  45  4:03  Forge  
  45  4:05  Probe (Chrono Boost)  
  45  4:09  Probe (Chrono Boost)  
  47  4:17  Probe (Chrono Boost)  
  49  4:25  Probe (Chrono Boost)  
  49  4:26  Probe (Chrono Boost)  
  49  4:28  Robotics Facility  
  49  4:29  Blink (Chrono Boost)  
  50  4:31  Probe  
  50  4:32  Probe  
  50  4:37  Protoss Ground Weapons Level 1  
  52  4:43  Probe  
  52  4:44  Probe  
  54  4:48  Stalker x2  
  50  5:04  Probe x2  
  43  5:16  Probe (Chrono Boost), Warp Prism  
  43  5:17  Probe (Chrono Boost)  
  43  5:19  Stalker x2  
  51  5:24  Gateway  
  51  5:28  Gateway  
  53  5:30  Probe (Chrono Boost)  
  53  5:33  Dark Shrine  
  53  5:34  Probe (Chrono Boost)  
  53  5:36  Probe (Chrono Boost)  
  53  5:40  Pylon  
  54  5:44  Probe x2  
  54  5:46  Adept  
  54  5:48  Adept  
  60  5:53  Assimilator  
  60  5:57  Probe x2  
  62  6:05  Assimilator  
  62  6:07  Pylon  
  62  6:09  Probe  
  63  6:16  Stalker x2, Probe  
  68  6:28  Probe  
  68  6:32  Stalker x2  
  73  6:36  Probe  
  74  6:46  Dark Templar x2  
  76  6:48  Probe  
  76  6:50  Probe  
  74  6:56  Nexus  
  74  7:00  Pylon  
  72  7:08  Probe  
  71  7:11  Dark Templar  
  71  7:12  Dark Templar  
  65  7:28  Zealot, Probe x2  
  65  7:29  Pylon, Zealot  
  71  7:34  Charge (Chrono Boost)  
  69  7:40  Probe x2  
  69  7:41  Gateway x2  
  69  7:47  Stalker x2  
  67  7:54  Shield Battery  
  67  7:56  Observer (Chrono Boost), Stalker  
  67  7:57  Protoss Ground Weapons Level 2 (Chrono Boost), Stalker  
  72  7:58  Shield Battery  
  72  8:03  Probe  
  73  8:06  Probe  
  73  8:10  Zealot x2  
  78  8:16  Gateway  
  78  8:19  Dark Templar  
  80  8:21  Probe x2  
  80  8:24  Zealot  
  84  8:28  Immortal (Chrono Boost)  
  84  8:30  Probe  
  85  8:36  Zealot  
  85  8:37  Zealot  
  89  8:42  Assimilator  
  89  8:43  Assimilator  
  89  8:44  Zealot  
  89  8:45  Zealot  
  93  8:56  Zealot x2  
  93  9:01  Immortal  
  101  9:04  Dark Templar x2  
  101  9:05  Zealot  
  101  9:08  Pylon  
  107  9:10  Archon  
  107  9:14  Dark Templar  
  109  9:27  Dark Templar x2  
  109  9:30  Zealot  
  103  9:35  Archon  
  103  9:36  Zealot x2  
  90  9:41  Immortal (Chrono Boost)  
  90  9:44  Zealot  
  79  9:52  Probe  
  79  9:54  Zealot x2  
  79  9:57  Dark Templar x2  
  85  10:01  Zealot  
  85  10:04  Zealot  
  82  10:07  Probe  
  82  10:08  Zealot  
  71  10:14  Zealot  
  71  10:15  Zealot  
  71  10:18  Pylon  

Tags
 
Add a new tag
Caveats
  • Supply blocks, unpowered buildings, or Contaminate may cause inaccurate times.
  • Supply counts are checked every 10 seconds.